 Dungeon Crawl Stone Soup version 0.19.1 (webtiles) character file.

256 empire the Conjurer (level 5, -5/21 HPs)
             Began as a Felid Conjurer on Dec 19, 2016.
             Killed by divine providence
             ... invoked by an orc priest
              (13 damage)
             ... on level 5 of the Dungeon.
             The game lasted 00:12:56 (4939 turns).

empire the Conjurer (Felid Conjurer)                Turns: 4939, Time: 00:12:57

Health: -5/21      AC:  1    Str:  4    XL:     5   Next: 92%
Magic:  8/12       EV: 18    Int: 17    God:
Gold:   174        SH:  0    Dex: 17    Spells: 3 memorised, 4 levels left
                                        Lives:  0   Deaths: 1

rFire  . . .     SeeInvis +     (weapon unavailable)
rCold  . . .     Gourm    .     (armour unavailable)
rNeg   . . .     Faith    .     (shield unavailable)
rPois  .         Spirit   .     (helmet unavailable)
rElec  .         Reflect  .     (cloak unavailable)
rCorr  .         Harm     .     (gloves unavailable)
MR     .....                    (boots unavailable)
Stlth  +++.......               o - amulet of magic regeneration
                                (no ring)
                                (no ring)

@: quick
A: no armour, no weapons or thrown items, stealth, claws 1, fangs 3, see
invisible, carnivore 3, speed 1, shaggy fur 1, slow metabolism 1, sharp paws
a: no special abilities


You were on level 5 of the Dungeon.
You were completely stuffed.

You visited 1 branch of the dungeon, and saw 5 of its levels.

You collected 174 gold pieces.

Inventory:

Jewellery
 o - an amulet of magic regeneration (around neck)
Wands
 l - a wand of slowing (31/48)
Scrolls
 c - 2 scrolls of blinking
 f - 2 scrolls of remove curse
 i - a scroll of teleportation
 n - 2 scrolls of recharging
 q - 2 scrolls of identify
Potions
 d - 2 potions of degeneration
 e - a potion of curing
 g - a potion of might {unknown}
 j - a potion of magic {unknown}
 k - a potion of flight {unknown}
 m - a potion of mutation {unknown}
 p - a potion of brilliance {unknown}
 r - a potion of heal wounds {unknown}
Books
 a - a book of Conjurations

   Spells                             Type                      Level
   a - Magic Dart                     Conjuration                  1
   b - Searing Ray                    Conjuration                  2
   c - Dazzling Spray                 Conjuration/Hexes            3
   d - Fulminant Prism                Conjuration/Hexes            4
   e - Iskenderun's Mystic Blast      Conjuration                  4
   f - Iskenderun's Battlesphere      Conjuration/Charms           5
Comestibles
 b - 3 meat rations
 h - a beef jerky


   Skills:
 - Level 2.6 Dodging
 - Level 2.6 Stealth
 - Level 4.0 Spellcasting
 + Level 5.0 Conjurations
 - Level 4.3 Hexes


You had 4 spell levels left.
You knew the following spells:

 Your Spells              Type           Power        Failure   Level  Hunger
a - Magic Dart            Conj           ###.         1%          1    None
b - Dazzling Spray        Conj/Hex       ###...       10%         3    ###....
c - Iskenderun's Mystic   Conj           ###.....     21%         4    ####...


Dungeon Overview and Level Annotations

Branches:
Dungeon (5/15)
 Temple: D:4-7

Altars:

Shops:
D:4 =

Annotations:
D:4 Sigmund


Innate Abilities, Weirdness & Mutations

You cannot wear armour.
You are incapable of wielding weapons or throwing items.
Your paws allow you to move quietly. (Stealth)
You have sharp claws.
You have razor-sharp teeth.
You have supernaturally acute eyesight. (SInv)
You are carnivorous and can eat meat at any time.
You cover ground quickly.
You are covered in fur. (AC +1)
You have a slow metabolism.
Your sharp claws are effective at attacking unaware monsters.


Message History

Press: ? - help, Shift-Dir - straight line, f - orc
Aim: an orc The magic dart hits the orc.
The orc is heavily wounded.
Casting: Magic Dart
Confirm with . or Enter, or press ? or * to list all spells.
Aiming: Dazzling Spray
Press: ? - help, Shift-Dir - straight line, f/p - orc
Aim: an orc (heavily wounded)
The spray of energy hits the orc.
You kill the orc!
The spray of energy hits the orc.
The orc is heavily wounded.
The orc priest calls down the wrath of Beogh upon you.
Beogh smites you!
Ouch! That really hurt!
The orc priest mumbles some strange prayers to Beogh against you.
Beogh smites you!
Ouch! That really hurt!
You die...

#.. .. .#
..##.##.#
#.......#
#...o...
#.....#
#(..o.#
#..†o.###
#..@...#
#.####.#
#


You could see an orc priest, an orc wizard and an orc.

Vanquished Creatures
  A hound (D:4)
  2 orc wizards (D:3)
  2 worker ants (D:4)
  3 gnolls (D:2)
  6 adders
  2 oozes
  5 worms
  2 dart slugs (D:1)
  A leopard gecko (D:1)
  9 orcs
  A giant cockroach (D:1)
  4 goblins
  10 hobgoblins
  3 jackals (D:1)
  7 kobolds
  A ball python (D:1)
  6 bats
  5 frilled lizards
  6 rats
76 creatures vanquished.

Notes
Turn   | Place    | Note
-------+----------+-------------------------------------------
     0 | D:1      | empire the Felid Conjurer began the quest for the Orb.
     0 | D:1      | Reached XP level 1. HP: 7/7 MP: 4/4
   245 | D:1      | Reached XP level 2. HP: 8/11 MP: 0/6
   487 | D:1      | Reached skill level 4 in Conjurations
  1110 | D:1      | Reached XP level 3. HP: 12/14 MP: 4/8
  1483 | D:1      | Learned a level 3 spell: Dazzling Spray
  2082 | D:2      | Reached XP level 4. HP: 7/18 MP: 0/10
  2444 | D:2      | Reached skill level 1 in Hexes
  2491 | D:2      | Succumbed to an adder's poison
  2492 | D:2      | Reached XP level 3. HP: 0/14 MP: 1/9
  2796 | D:3      | Reached XP level 4. HP: 18/18 MP: 3/11
  3260 | D:3      | Learned a level 4 spell: Iskenderun's Mystic Blast
  3827 | D:3      | Reached XP level 5. HP: 18/21 MP: 0/12
  4133 | D:4      | Noticed Sigmund
  4145 | D:4      | Found Nidacots's Jewellery Shoppe.
  4630 | D:4      | Reached skill level 5 in Conjurations
  4936 | D:5      | Entered Level 5 of the Dungeon
  4939 | D:5      | Killed from afar by an orc priest

Skill      XL: |  1  2  3  4  5 |
---------------+----------------+-----
Conjurations   | 4 5 |  5.0
Spellcasting   | 3 4 |  4.0
Hexes          | 4 |  4.3
Dodging        | |  2.6
Stealth        | |  2.6

Action                   |  1- 3 |  4- 6 || total
-------------------------+-------+-------++-------
Melee: Unarmed           |    78 |    32 ||   110
       Bite              |     4 |     3 ||     7
 Cast: Magic Dart        |    87 |   134 ||   221
       Dazzling Spray    |       |     7 ||     7
  Use: Scroll            |       |     8 ||     8
 Stab: Sleeping          |     2 |     3 ||     5
  Eat: Chunk             |    16 |     5 ||    21
Armor: Skin              |     4 |     1 ||     5
Dodge: Dodged            |    90 |    85 ||   175
